 Dungeon Crawl Stone Soup version 0.14-a0-736-g2a71271 (webtiles) character file.

664 PolkaDot the Chopper (level 6, 0/52 HPs)
             Began as a Hill Orc Gladiator on Nov 7, 2013.
             Slain by a gnoll
             ... wielding a +0,+0 flail
              (4 damage)
             ... on Level 3 of the Dungeon.
             The game lasted 00:14:13 (4544 turns).

PolkaDot the Chopper (Hill Orc Gladiator)           Turns: 4544, Time: 00:14:13

HP   0/52        AC  4     Str 18      XL: 6   Next: 86%
MP   5/5         EV  2     Int  8      God:
Gold 261         SH  0     Dex -2 (11) Spells:  0 memorised,  5 levels left

Res.Fire  : + . .   See Invis. : .   a - +0 orc hand axe
Res.Cold  : x . .   Warding    : .   b - +0 orc leather armour
Life Prot.: . . .   Conserve   : .   (no shield)
Res.Poison: .       Res.Corr.  : .   c - +0 orc helmet
Res.Elec. : .       Clarity    : .   (no cloak)
Sust.Abil.: . .     Spirit.Shd : .   (no gloves)
Res.Mut.  : .       Stasis     : .   (no boots)
Res.Rott. : .       Flight     : .   (no amulet)
Saprovore : + . .                    (no ring)
                                     y - ring of fire

@: lost dexterity, very slow, slightly resistant to hostile enchantments,
extremely unstealthy
A: saprovore 1, Dex -2
a: no special abilities


You were on level 3 of the Dungeon.
You were not hungry.

You visited 1 branch of the dungeon, and saw 3 of its levels.
You also visited: Sewer.

You collected 261 gold pieces.

Inventory:

Hand weapons
 a - a +0,+0 orcish hand axe (weapon)
Missiles
 d - 2 throwing nets (quivered)
 i - a throwing net [torn]
 r - 19 arrows of flame
Armour
 b - a +0 orcish leather armour (worn)
 c - a +0 orcish helmet (worn)
 p - a cursed -2 orcish ring mail
Comestibles
 f - a meat ration
 h - a chunk of bat flesh
 j - 15 sultanas
 m - 3 bread rations
 o - 2 chunks of goblin flesh
 t - an apple
 u - a royal jelly
Scrolls
 e - 4 scrolls of recharging {unknown}
 g - 5 scrolls of identify {unknown}
 k - 3 scrolls of remove curse {unknown}
 l - a scroll of magic mapping {unknown}
 n - 4 scrolls of teleportation
 s - a scroll of enchant armour {unknown}
 v - a scroll of blinking {unknown}
 w - 2 scrolls of amnesia {unknown}
 x - a scroll of fog {unknown}
Jewellery
 y - a ring of fire (left hand)
Potions
 F - 2 potions of flight


   Skills:
 + Level 4.9 Fighting
 * Level 7.2 Axes
 - Level 2.0 Throwing
 + Level 3.8 Dodging


You had 5 spell levels left.
You didn't know any spells.

Dungeon Overview and Level Annotations

Branches:
Dungeon (3/27)

Altars:
Makhleb
Vehumet


Innate Abilities, Weirdness & Mutations

You can tolerate rotten meat.
You are clumsy. (Dex -2)


Message History

You see here a shiny orcish ring mail.
You see here a shiny orcish ring mail.
p - a shiny orcish ring mail The gnoll hits you but does no damage.
A gnoll comes into view. It is wielding a spear.
The gnoll shouts!
The gnoll hits you with a flail! The gnoll hits you with a flail.
The gnoll hits you with a flail! The gnoll hits you with a flail.
The gnoll hits you with a flail. The gnoll hits you with a flail.
* * * LOW HITPOINT WARNING * * *
The gnoll hits you but does no damage. The gnoll hits you with a flail!
* * * LOW HITPOINT WARNING * * *
The gnoll hits you from afar with a spear.
* * * LOW HITPOINT WARNING * * *
The gnoll hits you with a flail.
You die...

......g..####
#.g..#
####g####
#.......# .
#.##.##.#
#.#.#
#g#...#.#
#.#.#
#g#...#.######
....#.#
#g#...#.#....#
.......
#@#...#.#.#.##
...##.#
#.###.#...#.#
...##.# #.#
.#####.#
...##.# #.# .#
#.# ...##.#
#<# . #.#
...+..# ###
#.# ...##.#
#.#
#.###.########
#.#
..............
#.#


You could see 3 gnolls.

Vanquished Creatures
  A quasit (D:3)
  A siren (Sewer)
  2 mermaids (Sewer)
  A worker ant (D:2)
  Ijyb (D:2)
  Terence (D:2)
  7 adders
  2 green rats (Sewer)
  4 giant mites
  A worm (D:3)
  8 grey rats
  3 giant geckos
  2 oozes (D:1)
  3 giant cockroaches
  7 goblins
  6 hobgoblins
  8 jackals
  7 kobolds
  6 ball pythons
  7 bats
  12 giant newts
  27 rats
117 creatures vanquished.

Notes
Turn   | Place    | Note
--------------------------------------------------------------
     0 | D:1      | PolkaDot, the Hill Orc Gladiator, began the quest for the Orb.
     0 | D:1      | Reached XP level 1. HP: 18/18 MP: 0/0
   117 | D:1      | Reached XP level 2. HP: 12/25 MP: 1/1
   680 | D:1      | Reached XP level 3. HP: 28/31 MP: 2/2
  1029 | D:2      | Found a radiant altar of Vehumet.
  1030 | D:2      | Found a burning altar of Makhleb.
  1094 | D:2      | Reached skill level 5 in Axes
  1362 | D:2      | Reached XP level 4. HP: 33/38 MP: 3/3
  1880 | D:2      | Noticed Terence
  1899 | D:2      | Killed Terence
  2090 | D:2      | Reached XP level 5. HP: 24/45 MP: 4/4
  2270 | D:2      | Noticed Ijyb
  2287 | D:2      | Killed Ijyb
  2430 | D:2      | Reached skill level 6 in Axes
  2915 | D:3      | Found a burning altar of Makhleb.
  2973 | D:3      | Found a glowing drain.
  3128 | Sewer    | Entered a sewer
  3569 | Sewer    | Reached XP level 6. HP: 49/52 MP: 5/5
  4244 | Sewer    | Reached skill level 7 in Axes
  4483 | D:3      | Lost dexterity.
  4485 | D:3      | Gained mutation: You have sharp fingernails. [potion of mutation]
  4485 | D:3      | Lost mutation: You have sharp fingernails. [potion of mutation]
  4485 | D:3      | Gained mutation: You are clumsy. (Dex -2) [potion of mutation]
  4544 | D:3      | Slain by a gnoll

Action                   |  1- 3 |  4- 6 || total
-------------------------+-------+-------++-------
Melee: Hand axe          |   125 |   414 ||   539
Throw: Throwing net      |       |     1 ||     1
  Use: Potion            |       |     7 ||     7
